 Dungeon Crawl Stone Soup version 0.15.0-14-g6bbbb5c (console) character file.

221 gw the Chucker (level 5, 0/46 HPs)
             Began as a Minotaur Hunter on Sept 4, 2014.
             Was an Initiate of Okawaru.
             Slain by Grinder (6 damage)
             ... on Level 4 of the Dungeon.
             The game lasted 00:01:27 (3775 turns).

gw the Chucker (Minotaur Hunter)                    Turns: 3775, Time: 00:01:27

HP   0/46        AC 11     Str 16      XL: 5   Next: 65%
MP   2/2         EV  6     Int  8      God: Okawaru [......]
Gold 0           SH  0     Dex 12      Spells:  0 memorised,  4 levels left

rFire  . . .     SeeInvis .     a - +0 short sword
rCold  . . .     Clarity  .     o - +0 chain mail
rNeg   . . .     rCorr    .     (no shield)
rPois  .         rRot     .     (helmet restricted)
rElec  .         Spirit   .     i - +0 cloak
SustAb +         Warding  .     b - +0 pair of gloves
rMut   .         Stasis   .     (no boots)
Gourm  .                        g - amulet of faith
MR     .....                    (no ring)
                                f - ring of sustain abilities

@: not resistant to hostile enchantments, extremely unstealthy
A: retaliatory headbutt, horns 2
a: Renounce Religion


You were on level 4 of the Dungeon.
You worshipped Okawaru.
Okawaru was noncommittal.
You were very hungry.

You visited 1 branch of the dungeon, and saw 4 of its levels.

Inventory:

Hand weapons
 a - a +0 short sword (weapon)
Missiles
 c - 2 throwing nets
 e - 98 stones
 j - 2 javelins (quivered)
 l - 7 tomahawks
Armour
 b - a +0 pair of gloves (worn)
 i - a +0 cloak (worn)
 o - a +0 chain mail (worn)
Comestibles
 h - 2 bread rations
 k - a beef jerky
Jewellery
 f - a ring of sustain abilities (left hand)
 g - an amulet of faith (around neck)
Potions
 d - a potion of restore abilities {unknown}


   Skills:
 + Level 4.0 Fighting
 - Level 1.1 Short Blades
 * Level 5.7 Throwing
 + Level 2.9 Armour
 - Level 2.1 Dodging
 - Level 0.7 Stealth
 + Level 0.6 Invocations


You had 4 spell levels left.
You didn't know any spells.

Dungeon Overview and Level Annotations

Branches:
Dungeon (4/15)
 Temple: D:4-7

Altars:
Cheibriados
Kikubaaqudgha
Okawaru
Qazlal
Sif Muna
Trog
Xom

Annotations:
D:4 Grinder


Innate Abilities, Weirdness & Mutations

You reflexively headbutt those who attack you in melee.
You have a pair of horns on your head.


Message History

Your chain mail prevents you from hitting Grinder.
You headbutt Grinder, but do no damage.
Grinder is severely wounded.
Grinder says, "Mostly I couldn't keep them alive."
Grinder hits you.
You writhe in agony.
ATTACKING (-1,0)
You closely miss Grinder.
Grinder is severely wounded.
Grinder hits you but does no damage.
ATTACKING (-1,0)
Your chain mail prevents you from hitting Grinder.
You headbutt Grinder!
Grinder is almost dead.
Grinder gestures at you. Pain shoots through your body!
ATTACKING (-1,0)
You hit Grinder.
Grinder is almost dead.
Grinder hits you.
You writhe in agony.
You die...

+#. #.......#
#.......# +.......#
#+##.......
.......... .........
. ...?.....#+# .....
#..5H'.###+##...#+#..
+....#.##...+...+.+..
#....#.##...#...#.#..
#....#......#...#.#..
+....+.###'##...#.+..
#....#+#........#.#..
.....# #........#.#..
.....# #........#.#..
+## #.....#'##'#..


You could see Grinder.

Table legend:
 A = Turns spent in this place as a percentage of turns spent in the entire game.
 B = Non-inter-level travel turns spent in this place as a percentage of non-inter-level travel turns spent in the entire game.
 C = Inter-level travel turns spent in this place as a percentage of turns spent in this place.
 D = Turns resting spent in this place as a percentage of non-inter-level travel turns spent in this place.
 E = Turns spent auto-exploring this place as a percentage of non-inter-level travel turns spent in this place.
 F = Non-inter-level travel turns spent in this place divided by the number of levels of this place that you've seen.
                   A       B       C       D       E      F
               +-------+-------+-------+-------+-------+----------------------
         Total | 100.0 | 100.0 |   0.7 |   7.6 |  18.9 | 188.0
       Dungeon | 100.0 | 100.0 |   0.7 |   7.6 |  18.9 | 188.0
               +-------+-------+-------+-------+-------+----------------------

Table legend:
 A = Kills in this place as a percentage of kills in entire the game.
 B = Kills by you in this place as a percentage of kills by you in the entire game.
 C = Kills by friends in this place as a percentage of kills by friends in the entire game.
 D = Other kills in this place as a percentage of other kills in the entire game.
 E = Experience gained in this place as a percentage of experience gained in the entire game.
 F = Experience gained in this place divided by the number of levels of this place that you have seen.
                   A       B       C       D       E      F
               +-------+-------+-------+-------+-------+----------------------
         Total | 100.0 | 100.0 |  -nan |  -nan | 100.0 |  79.0
       Dungeon | 100.0 | 100.0 |  -nan |  -nan | 100.0 |  79.0
               +-------+-------+-------+-------+-------+----------------------

Vanquished Creatures
  A scorpion (D:4)
  7 adders
  A giant mite (D:1)
  2 worms (D:2)
  6 giant geckos
  4 oozes
  13 bats
  4 giant cockroaches
  11 goblins
  6 hobgoblins
  2 ball pythons (D:2)
  3 giant newts
  7 jackals
  7 kobolds
  11 rats
85 creatures vanquished.

Notes
Turn   | Place    | Note
--------------------------------------------------------------
     0 | D:1      | gw, the Minotaur Hunter, began the quest for the Orb.
     0 | D:1      | Reached XP level 1. HP: 18/18 MP: 1/1
     6 | D:1      | Noticed a polar bear
     6 | D:1      | Noticed a komodo dragon
     6 | D:1      | Noticed a water moccasin
     6 | D:1      | Noticed a wolf
   237 | D:1      | Reached XP level 2. HP: 25/25 MP: 1/1
   722 | D:1      | Reached skill level 1 in Armour
   805 | D:1      | Reached XP level 3. HP: 30/30 MP: 2/2
  1700 | D:2      | Reached XP level 4. HP: 19/38 MP: 2/2
  2031 | D:2      | Reached skill level 5 in Throwing
  2963 | D:3      | Found a shimmering altar of Xom.
  2963 | D:3      | Found a snail-covered altar of Cheibriados.
  2971 | D:3      | Found a bloodstained altar of Trog.
  2987 | D:3      | Found an ancient bone altar of Kikubaaqudgha.
  2988 | D:3      | Found a deep blue altar of Sif Muna.
  2988 | D:3      | Found a stormy altar of Qazlal.
  3000 | D:3      | Reached XP level 5. HP: 37/46 MP: 2/2
  3299 | D:3      | Found an iron altar of Okawaru.
  3305 | D:3      | Became a worshipper of Warmaster Okawaru
  3755 | D:4      | Noticed Grinder
  3775 | D:4      | Slain by Grinder

Action                   |  1- 3 |  4- 6 || total
-------------------------+-------+-------++-------
Melee: Short sword       |    83 |    79 ||   162
Throw: Javelin           |    47 |    49 ||    96
       Stone             |     6 |    11 ||    17
       Tomahawk          |       |    19 ||    19
  Use: Potion            |     4 |     3 ||     7
       Scroll            |     1 |     4 ||     5
  Eat: Pizza             |     1 |       ||     1
       Chunk             |       |     2 ||     2
       Bread ration      |       |     1 ||     1

Vault maps used:
D:1:      onia_arrival_zoo_common
D:2:      minmay_liquid_box, nrook_loot_triangle
D:3:      minitemple
D:4:      kennysheep_little_box, minmay_temple_entry_hall, first_bread,
          minmay_misc_feat_roman, uniq_prince_ribbit1, uniq_grinder
